[Event "ICCopen2016"]
[Site "Internet Chess Club"]
[Date "2016.06.04"]
[Round "1"]
[White "maly"]
[Black "Svinotigr"]
[Result "1-0"]
[ICCResult "Black checkmated"]
[WhiteElo "2426"]
[BlackElo "1629"]
[Opening "King's Indian: fianchetto, classical variation"]
[ECO "E67"]
[NIC "KI.65"]
[Time "14:01:59"]
[TimeControl "180+0"]

1. d4 d6 2. c4 Nd7 3. Nc3 e5 4. Nf3 g6 5. g3 Bg7 6. Bg2 Ngf6 7. O-O O-O 8.
b3 Re8 9. Bb2 c6 10. e4 Qe7 11. Re1 h5 12. Qc2 Nf8 13. h3 N8h7 14. Rad1 Qc7
15. Kh2 Kh8 16. b4 Ng8 17. c5 exd4 18. Nxd4 dxc5 19. bxc5 h4 20. Nf3 hxg3+
21. fxg3 Ngf6 22. Rd6 Bf8 23. e5 Nh5 24. Ne4 Bf5 25. e6+ Bg7 26. Bxg7+ Nxg7
27. exf7 Qxf7 28. Nfd2 Rad8 29. g4 Be6 30. Qc3 Qf4+ 31. Kh1 Bd5 32. Rxg6 Rg8
33. Rf1 Qc7 34. Nf6 Nxf6 35. Rfxf6 Kh7 36. Rh6# {Black checkmated} 1-0

[Event "ICCopen2016"]
[Site "Internet Chess Club"]
[Date "2016.06.04"]
[Round "1"]
[White "kingsac"]
[Black "SPARNALIQ"]
[Result "0-1"]
[ICCResult "White resigns"]
[WhiteElo "1844"]
[BlackElo "2860"]
[Opening "Caro-Kann: classical variation"]
[ECO "B18"]
[NIC "CK.10"]
[Time "14:02:04"]
[TimeControl "180+0"]

1. e4 c6 2. d4 d5 3. Nc3 dxe4 4. Nxe4 Bf5 5. Ng3 e6 6. Nxf5 Qa5+ 7. c3 Qxf5
8. Bd3 Qd5 9. Nf3 Nf6 10. O-O Be7 11. Ne5 O-O 12. f4 g6 13. Qf3 Nbd7 14. Bc4
Qxf3 15. Rxf3 Nb6 16. Bb3 Rfd8 17. g4 c5 18. g5 Nfd5 19. Ng4 cxd4 20. Nh6+
Kg7 21. cxd4 Rac8 22. Bd2 Nb4 23. Bc3 N6d5 24. h4 Nxc3 25. bxc3 Nd5 26. Rc1
Bb4 27. c4 Ne7 28. Rd3 Rxd4 29. Rxd4 Bc5 30. Kg2 Bxd4 31. Ng4 Bc5 32. Rc2
Nf5 33. Rd2 Nxh4+ 34. Kg3 Nf5+ 35. Kf3 Nd4+ 36. Ke4 Rd8 37. Ne5 Nc6 38. Rxd8
Nxd8 39. Ba4 Bd6 40. Kd4 a6 41. c5 Bc7 42. Be8 b6 43. cxb6 Bxb6+ 44. Ke4 Bc7
45. Nc6 Nb7 46. Ne5 Nd6+ {White resigns} 0-1

[Event "ICCopen2016"]
[Site "Internet Chess Club"]
[Date "2016.06.04"]
[Round "1"]
[White "pierredams"]
[Black "chessasuke91"]
[Result "0-1"]
[ICCResult "White resigns"]
[WhiteElo "1782"]
[BlackElo "2734"]
[Opening "French: Réti (Spielmann) variation"]
[ECO "C00"]
[NIC "FR.01"]
[Time "14:02:58"]
[TimeControl "180+0"]

1. e4 e6 2. b3 d5 3. Bb2 Nf6 4. e5 Nfd7 5. Qg4 c5 6. f4 g6 7. Nf3 Nc6 8. Be2
h5 9. Qg3 Ne7 10. Bd3 Qc7 11. Nc3 a6 12. a4 b6 13. Qf2 Bb7 14. h3 Nf5 15.
Bxf5 gxf5 16. Ng5 d4 17. Ne2 h4 18. d3 Be7 19. Nf3 b5 20. axb5 axb5 21. O-O
Kf8 22. Kh1 Kg7 23. Rxa8 Bxa8 24. Ra1 Bc6 25. Bc1 Qb7 26. Neg1 Nb6 27. Bd2
Nd5 28. Ne1 Rh6 29. Ngf3 Qb8 30. Kh2 Qd8 31. Ra7 Qb8 32. Ra1 Qb6 33. Ng5 Qb8
34. Ngf3 Qd8 35. Ra6 Rg6 36. Rxc6 Qa8 37. Nxh4 Bxh4 38. Qxh4 Qxc6 39. Nf3
Qe8 40. Ne1 Qa8 41. Nf3 Ne3 42. Ne1 Nxg2 {White resigns} 0-1

[Event "ICCopen2016"]
[Site "Internet Chess Club"]
[Date "2016.06.04"]
[Round "1"]
[White "CristianS"]
[Black "chapeau"]
[Result "1-0"]
[ICCResult "Black checkmated"]
[WhiteElo "2080"]
[BlackElo "1340"]
[Opening "Scandinavian (center counter) defense"]
[ECO "B01"]
[NIC "VO.17"]
[Time "14:02:34"]
[TimeControl "180+0"]

1. e4 d5 2. exd5 e6 3. c4 exd5 4. d4 dxc4 5. Nc3 Nf6 6. Bxc4 Bd6 7. Nf3 O-O
8. O-O Bg4 9. Bg5 Qd7 10. Bxf6 gxf6 11. Ne4 Be7 12. h3 Bxh3 13. gxh3 Qxh3
14. Nh2 Kh8 15. Qf3 Rg8+ 16. Kh1 Qh4 17. Rg1 Nc6 18. Bxf7 Nxd4 19. Qd3 Rgd8
20. Rg4 Qh6 21. Rag1 f5 22. Qxd4+ Rxd4 23. Rg8+ Rxg8 24. Rxg8#
{Black checkmated}
1-0

[Event "ICCopen2016"]
[Site "Internet Chess Club"]
[Date "2016.06.04"]
[Round "1"]
[White "BlueGoose"]
[Black "TrendFriend"]
[Result "0-1"]
[ICCResult "White resigns"]
[WhiteElo "1676"]
[BlackElo "2531"]
[Opening "Old Benoni defense"]
[ECO "A44"]
[NIC "OI.09"]
[Time "14:02:42"]
[TimeControl "180+0"]

1. d4 c5 2. d5 e5 3. c4 d6 4. Nc3 Be7 5. e3 Nf6 6. f3 O-O 7. Bd3 Nbd7 8.
Nge2 Re8 9. Qc2 Nf8 10. Bd2 Bd7 11. g4 a6 12. a4 Kh8 13. h4 Ng8 14. Ng3 Bxh4
15. Kf2 Ng6 16. Rh3 h6 17. Bxg6 fxg6 18. Ne4 Qe7 19. Rah1 Bxg3+ 20. Nxg3 Qf7
21. Kg2 Rf8 22. Qe4 Nf6 23. Qd3 Nxg4 24. f4 exf4 25. exf4 Rae8 26. Ne4 Bf5
27. Re1 Nf6 28. Rhe3 Nxe4 29. Rxe4 Rxe4 30. Rxe4 Kh7 31. Qe3 Bxe4+ 32. Qxe4
Re8 33. Qf3 Qf5 34. Bc3 Qe4 35. Qxe4 Rxe4 36. Kf3 Rxc4 {White resigns} 0-1

[Event "ICCopen2016"]
[Site "Internet Chess Club"]
[Date "2016.06.04"]
[Round "1"]
[White "aplusk"]
[Black "ALexiz"]
[Result "1-0"]
[ICCResult "Black resigns"]
[WhiteElo "2833"]
[BlackElo "1823"]
[Opening "Sicilian: closed, 2...Nc6"]
[ECO "B23"]
[NIC "SI.44"]
[Time "14:02:00"]
[TimeControl "180+0"]

1. Nc3 c5 2. e4 Nc6 3. Bb5 Nd4 4. Bc4 e6 5. Nf3 d6 6. Nxd4 cxd4 7. Ne2 Qb6
8. O-O g6 9. c3 dxc3 10. dxc3 Bg7 11. Be3 Qc7 12. Bb5+ Bd7 13. Bxd7+ Qxd7
14. Bf4 e5 15. Be3 Nf6 16. f3 O-O 17. c4 Rfc8 18. Qd3 Rc6 19. Nc3 Rac8 20.
b3 a6 21. a4 Qe8 22. Rfd1 Qd8 23. Kh1 Qc7 24. a5 h6 25. Bb6 Qe7 26. Nd5 Nxd5
27. exd5 Rc5 28. Bxc5 e4 29. Qxe4 Qxe4 30. fxe4 Bxa1 31. Bxd6 Bc3 32. Bf4
Bxa5 33. Bxh6 Re8 34. d6 Rxe4 35. Bg5 f6 36. Bxf6 Kf7 37. Bg5 Re8 38. d7 Re2
39. h4 Ke6 40. d8=Q Bxd8 41. Bxd8 Re3 42. b4 Re4 43. b5 Rxc4 44. bxa6 bxa6
45. Kh2 Kf5 46. Kh3 Rc3+ 47. g3 a5 48. Bxa5 Ra3 49. Bc7 Kf6 50. Bf4 Kg7 51.
Kg4 Kf6 52. Rd6+ Kf7 53. h5 gxh5+ 54. Kxh5 Kg7 55. g4 Rh3+ 56. Kg5 Kf7 57.
Kf5 Rf3 58. g5 Ke7 59. g6 Rxf4+ 60. Kxf4 Kxd6 61. g7 Ke7 62. g8=Q
{Black resigns}
1-0

[Event "ICCopen2016"]
[Site "Internet Chess Club"]
[Date "2016.06.04"]
[Round "1"]
[White "flinkfinger"]
[Black "Govindan"]
[Result "1-0"]
[ICCResult "Black forfeits on time"]
[WhiteElo "2167"]
[BlackElo "1450"]
[Opening "Réti opening"]
[ECO "A04"]
[NIC "QP.11"]
[Time "14:01:41"]
[TimeControl "180+0"]

1. Nf3 d6 2. c4 Nf6 3. Nc3 c5 4. d4 cxd4 5. Nxd4 g6 6. e4 Bg7 7. Be3 O-O 8.
f3 Nc6 9. Rc1 Bd7 10. Be2 Rc8 11. O-O a6 12. Qd2 Re8 13. Rfd1 Nxd4 14. Bxd4
Qa5 15. Bf1 Ba4 16. Nxa4 Qxa4 17. b3 Qa3 18. Qb2 Qxb2 19. Bxb2 Rc7 20. e5
dxe5 21. Bxe5 Rcc8 22. c5 Red8 23. b4 Nd7 24. Bxg7 Kxg7 25. Rc2 Ne5 26. Rcd2
Rxd2 27. Rxd2 Nc6 28. a3 Rd8 29. Rxd8 Nxd8 30. Kf2 Kf6 31. Ke3 Ke5 32. f4+
Kd5 33. g3 Nc6 34. Kd3 e5 35. Bg2+ Ke6 36. Ke4 f5+ 37. Ke3 e4 38. Bf1 Kd5
39. Be2 Nd4 40. Bd1 Nb5 41. Bb3+ Kc6 42. a4 Nc7 43. Kd4 Ne8 44. Bd5+ Kc7 45.
b5 axb5 46. axb5 {Black forfeits on time} 1-0

[Event "ICCopen2016"]
[Site "Internet Chess Club"]
[Date "2016.06.04"]
[Round "1"]
[White "A4-H5"]
[Black "Anarchy"]
[Result "0-1"]
[ICCResult "White resigns"]
[WhiteElo "1797"]
[BlackElo "2811"]
[Opening "Trompowsky attack (Ruth, Opocenský opening)"]
[ECO "A45"]
[NIC "QP.07"]
[Time "14:02:27"]
[TimeControl "180+0"]

1. d4 Nf6 2. Bg5 e6 3. e3 c5 4. Nf3 h6 5. Bxf6 Qxf6 6. Bd3 b6 7. c3 Bb7 8.
O-O g5 9. Nbd2 Bg7 10. Be4 d5 11. Bd3 O-O 12. Ne5 Nc6 13. Nxc6 Bxc6 14. f4
Qe7 15. fxg5 hxg5 16. Nf3 f5 17. Ne5 Bxe5 18. dxe5 Qg7 19. Qh5 Be8 20. Qf3
Qxe5 21. Rae1 Bc6 22. c4 dxc4 23. Qxc6 cxd3 24. e4 Rac8 25. Qb5 Qd4+ 26. Kh1
fxe4 27. Rxf8+ Rxf8 28. Qc6 Qd5 29. Qc7 e3 30. Qe7 d2 31. Rg1 e2 {White
resigns} 0-1

[Event "ICCopen2016"]
[Site "Internet Chess Club"]
[Date "2016.06.04"]
[Round "1"]
[White "Nostradamus"]
[Black "kabindra"]
[Result "1-0"]
[ICCResult "Black checkmated"]
[WhiteElo "2448"]
[BlackElo "1636"]
[Opening "QP counter-gambit (elephant gambit)"]
[ECO "C40"]
[NIC "KP.10"]
[Time "14:02:55"]
[TimeControl "180+0"]

1. e4 e5 2. Nf3 d5 3. Nc3 d4 4. Ne2 Nc6 5. Ng3 h6 6. Bb5 Bd7 7. Bxc6 Bxc6 8.
Nxe5 Qf6 9. Nxc6 Qxc6 10. O-O O-O-O 11. d3 g6 12. Bd2 Nf6 13. c4 h5 14. Ne2
h4 15. h3 Be7 16. Nf4 Nh5 17. Nd5 Bd6 18. b4 Qd7 19. b5 f5 20. Qa4 Kb8 21.
f4 fxe4 22. dxe4 d3 23. Be3 b6 24. e5 Bf8 25. a3 Qf5 26. Nb4 Bxb4 27. axb4
Kc8 28. Qxa7 Qe4 29. Qa8+ Qxa8 30. Rxa8+ Kb7 31. Ra2 Rh7 32. c5 Ng3 33. c6+
Kc8 34. Ra8# {Black checkmated} 1-0

[Event "ICCopen2016"]
[Site "Internet Chess Club"]
[Date "2016.06.04"]
[Round "1"]
[White "YellowBandit1"]
[Black "Jemm"]
[Result "1-0"]
[ICCResult "Black forfeits on time"]
[WhiteElo "1982"]
[BlackElo "1207"]
[Opening "Queen's pawn: Chigorin variation"]
[ECO "D00"]
[NIC "QP.08"]
[Time "14:02:37"]
[TimeControl "180+0"]

1. d4 d5 2. Nc3 Nf6 3. Bf4 e6 4. a3 Bd6 5. Bxd6 Qxd6 6. e3 O-O 7. Rb1 Bd7 8.
h3 c5 9. Nf3 c4 10. Be2 a6 11. O-O Nc6 12. Kh1 Ne7 13. Ne5 Ng6 14. Nxg6 fxg6
15. Bf3 Be8 16. Qe2 Nh5 17. Bxh5 gxh5 18. Rbd1 Bg6 19. e4 Rae8 20. e5 Qe7
21. f3 Rf5 22. g4 hxg4 23. fxg4 Rg5 24. Rf2 h5 25. Rf4 Bf7 26. h4 Rxg4 27.
Rxg4 hxg4 28. Qxg4 g6 29. Rg1 Kg7 30. Kg2 Rh8 31. Kg3 Rh5 32. Ne2 Rf5 33.
Nf4 Qe8 34. Kh3 {Black forfeits on time} 1-0

[Event "ICCopen2016"]
[Site "Internet Chess Club"]
[Date "2016.06.04"]
[Round "1"]
[White "WoodTree"]
[Black "DukeBishop"]
[Result "1-0"]
[ICCResult "Black forfeits on time"]
[WhiteElo "2390"]
[BlackElo "1602"]
[Opening "English opening"]
[ECO "A20"]
[NIC "EO.25"]
[Time "14:01:45"]
[TimeControl "180+0"]

1. c4 e5 2. b3 Nc6 3. Bb2 Nf6 4. d3 Be7 5. Nf3 d6 6. Nbd2 O-O 7. Qc2 h6 8.
a3 a5 9. h3 Bf5 10. e3 Qd7 11. g4 Bh7 12. Be2 Rfe8 13. O-O-O Kf8 14. g5 Ng8
15. gxh6 Nxh6 16. Rdg1 Bf6 17. h4 d5 18. Ng5 Bg8 19. cxd5 Qxd5 20. Bf3 Qd7
21. Nde4 Be7 22. Rg2 a4 23. b4 Red8 24. Be2 f5 25. Nc5 Qd5 26. Bf3 Qa2 27.
Rhg1 Bf6 28. Nxb7 Nxb4 29. axb4 a3 30. Bc3 Rdb8 31. Nh7+ Ke8 32. Nxf6+
{Black forfeits on time}
1-0

[Event "ICCopen2016"]
[Site "Internet Chess Club"]
[Date "2016.06.04"]
[Round "1"]
[White "ebochess"]
[Black "gmgattass"]
[Result "0-1"]
[ICCResult "White resigns"]
[WhiteElo "1514"]
[BlackElo "2197"]
[Opening "Queen's pawn game"]
[ECO "D02"]
[NIC "QP.08"]
[Time "14:02:51"]
[TimeControl "180+0"]

1. d4 d5 2. Nf3 c6 3. Bf4 Nf6 4. e3 Bf5 5. c3 Nbd7 6. Bd3 e6 7. Bxf5 exf5 8.
O-O Be7 9. h3 O-O 10. Re1 Ne4 11. Nbd2 f6 12. Nf1 g5 13. Bh2 Qe8 14. Ng3 Qg6
15. Qb3 b5 16. a4 a6 17. axb5 axb5 18. Rxa8 Rxa8 19. Rc1 h5 20. Ne2 Kh7 21.
Qc2 Nf8 22. b3 Qf7 23. c4 Ng6 24. cxb5 cxb5 25. Qc6 Ra2 26. Nc3 Nxc3 27.
Qxc3 g4 28. Ne1 f4 29. Qd3 fxe3 30. fxe3 gxh3 31. gxh3 Qe6 32. Qf1 Qxe3+ 33.
Kh1 Qxc1 {White resigns} 0-1

[Event "ICCopen2016"]
[Site "Internet Chess Club"]
[Date "2016.06.04"]
[Round "1"]
[White "Nedwis"]
[Black "GodspeedR8"]
[Result "1-0"]
[ICCResult "Black checkmated"]
[WhiteElo "2937"]
[BlackElo "1925"]
[Opening "Sicilian: Alapin's variation (2.c3)"]
[ECO "B22"]
[NIC "SI.46"]
[Time "14:01:50"]
[TimeControl "180+0"]

1. e4 c5 2. c3 d5 3. exd5 Qxd5 4. d4 Nf6 5. Be3 e6 6. Nf3 Nc6 7. Bd3 Be7 8.
O-O O-O 9. dxc5 Bxc5 10. Bxh7+ Kxh7 11. Qxd5 Nxd5 12. Bxc5 Rd8 13. Nbd2 b6
14. Ba3 Ba6 15. Rfe1 Nf4 16. Ne4 Nd3 17. Red1 Nde5 18. Nxe5 Nxe5 19. b3 Rac8
20. c4 Rxd1+ 21. Rxd1 Rc7 22. f3 Rd7 23. Rxd7 Nxd7 24. Kf2 Kg6 25. Ke3 Nf6
26. Nd6 Nd7 27. b4 Ne5 28. b5 Nxc4+ 29. Nxc4 Bxb5 30. Ne5+ Kf6 31. Bb2 Ke7
32. h4 a5 33. g4 Be8 34. g5 f6 35. gxf6+ gxf6 36. Nc4 a4 37. Nxb6 Kf7 38. h5
Kg7 39. h6+ Kxh6 40. Bxf6 Kg6 41. Be5 Kf5 42. f4 Kg6 43. a3 Bb5 44. Kd4 Kf5
45. Kc5 Bd3 46. Kb4 Bc2 47. Nxa4 Ke4 48. Nc5+ Kd5 49. Nd7 Kc6 50. Nf8 Bf5
51. a4 Kb6 52. Nd7+ Ka6 53. Nc5+ Ka7 54. a5 Bg6 55. Nxe6 Be8 56. f5 Bd7 57.
Nd4 Be8 58. f6 Bf7 59. Nf5 Be6 60. Nd6 Ka6 61. f7 Bxf7 62. Nxf7 Ka7 63. Ng5
Kb7 64. Ne4 Ka6 65. Nc3 Ka7 66. Nd5 Kb7 67. Kc5 Ka6 68. Nb6 Kxa5 69. Bf4 Ka6
70. Kc6 Ka5 71. Nd5 Ka6 72. Be5 Ka7 73. Nb6 Ka6 74. Bb8 Ka5 75. Nd5 Ka6 76.
Nb4+ Ka5 77. Kc5 Ka4 78. Kc4 Ka5 79. Bc7+ Ka4 80. Nd3 Ka3 81. Bd8 Ka4 82.
Nb2+ Ka3 83. Kc3 Ka2 84. Kc2 Ka3 85. Be7+ Ka2 86. Nd3 Ka1 87. Bf8 Ka2 88.
Nc1+ Ka1 89. Bg7# {Black checkmated} 1-0

[Event "ICCopen2016"]
[Site "Internet Chess Club"]
[Date "2016.06.04"]
[Round "1"]
[White "Darnoc"]
[Black "Heinichess"]
[Result "1-0"]
[ICCResult "Black checkmated"]
[WhiteElo "2849"]
[BlackElo "1837"]
[Opening "King's Indian: 5.Nf3"]
[ECO "E90"]
[NIC "KI.20"]
[Time "14:02:42"]
[TimeControl "180+0"]

1. d4 Nf6 2. c4 g6 3. Nc3 Bg7 4. e4 d6 5. Nf3 O-O 6. h3 Qe8 7. Bg5 h6 8. Be3
Na6 9. Be2 e5 10. d5 Nh7 11. Qd2 g5 12. g4 Nc5 13. Nh2 a5 14. Nf1 Bd7 15.
Ng3 Nf6 16. f3 b6 17. h4 Nh7 18. hxg5 Nxg5 19. Bxg5 hxg5 20. Qxg5 f6 21. Qh4
Qg6 22. Nf5 Bxf5 23. gxf5 Qg5 24. Qxg5 fxg5 25. Kd2 Kf7 26. Rag1 Kf6 27. Nb5
Na6 28. Nc3 Rh8 29. Nd1 Rxh1 30. Rxh1 Rh8 31. Rxh8 Bxh8 32. Kc3 Bg7 33. b3
Ke7 34. a3 Bf6 35. b4 axb4+ 36. axb4 Kd8 37. c5 Nxc5 38. bxc5 bxc5 39. Kc4
Ke7 40. Kb5 Kd7 41. Ne3 Bd8 42. Ng4 Ke7 43. Kc6 Kf7 44. Kd7 Bf6 45. Kxc7 Be7
46. Kd7 Bf8 47. f6 Kg6 48. Ke8 Bh6 49. f7 c4 50. Nxh6 c3 51. f8=Q c2 52.
Qf5+ Kxh6 53. Kf7 c1=Q 54. Qg6# {Black checkmated} 1-0

[Event "ICCopen2016"]
[Site "Internet Chess Club"]
[Date "2016.06.04"]
[Round "1"]
[White "MBJPM"]
[Black "Last7Samurai"]
[Result "0-1"]
[ICCResult "White forfeits on time"]
[WhiteElo "1836"]
[BlackElo "2838"]
[Opening "French: Burn variation"]
[ECO "C11"]
[NIC "FR.05"]
[Time "14:02:36"]
[TimeControl "180+0"]

1. e4 e6 2. d4 d5 3. Nc3 Nf6 4. Bg5 dxe4 5. Nxe4 Be7 6. Bxf6 gxf6 7. Nf3 f5
8. Ng3 c5 9. dxc5 Qa5+ 10. Qd2 Qxd2+ 11. Kxd2 Bxc5 12. Bb5+ Bd7 13. Bxd7+
Nxd7 14. Rhf1 O-O-O 15. Ke2 Nf6 16. Rfd1 Nd5 17. Kf1 h5 18. h4 Nf4 19. c3
Nd3 20. Rd2 Kc7 21. Rad1 Nxb2 22. Rxd8 Rxd8 23. Rxd8 Kxd8 24. Nxh5 Ke7 25.
Nf4 Kf6 26. Ke2 Na4 27. Nd3 Nxc3+ 28. Kd2 Ne4+ 29. Ke2 Bf8 30. Ke3 Nc3 31.
Nfe5 Bh6+ 32. Kd4 Nxa2 33. f4 a5 34. Kc4 a4 35. Kb5 Nc3+ 36. Kb4 Nd5+ 37.
Kxa4 Nxf4 38. Nd7+ Kg7 39. N3e5 Nd5 40. Kb5 Ne3 41. g3 Nf1 42. Kc5 Nxg3 43.
Kd6 Bf4 44. Ke7 Bxe5 45. Nxe5 b5 46. h5 b4 47. Nxf7 f4 {White forfeits on
time} 0-1

[Event "ICCopen2016"]
[Site "Internet Chess Club"]
[Date "2016.06.04"]
[Round "1"]
[White "saira"]
[Black "TRADE"]
[Result "0-1"]
[ICCResult "White checkmated"]
[WhiteElo "1768"]
[BlackElo "2707"]
[Opening "Sicilian defense"]
[ECO "B20"]
[NIC "SI.48"]
[Time "14:02:09"]
[TimeControl "180+0"]

1. e4 c5 2. c4 Nc6 3. d3 g6 4. Bg5 Bg7 5. Nc3 d6 6. Be2 Nf6 7. f4 O-O 8. Nf3
Bg4 9. h3 Bxf3 10. Bxf3 Ne8 11. O-O Nc7 12. Qd2 Ne6 13. Bh4 Ned4 14. Rae1
Rb8 15. Bd1 b5 16. b3 Qa5 17. Nb1 Qxd2 18. Nxd2 e6 19. Nf3 Nb4 20. Be7 Nxd3
21. Bxd6 Nxe1 22. Rxe1 bxc4 23. bxc4 Rb2 24. Bxf8 Kxf8 25. e5 Rxa2 26. Nxd4
cxd4 27. Re2 Ra1 28. Rd2 Bh6 29. g3 g5 30. Rxd4 gxf4 31. gxf4 Bxf4 32. Kf2
Bxe5 33. Rd7 Ke8 34. Rd3 Ke7 35. Bf3 Bd6 36. Rc3 Bc5+ 37. Ke2 f5 38. Bc6 Kd6
39. Be8 e5 40. Rg3 e4 41. Rg7 Ke5 42. Rxh7 Ra2+ 43. Kf1 f4 44. Bf7 f3 45.
Rh5+ Kf4 46. Bd5 Ra1# {White checkmated} 0-1

[Event "ICCopen2016"]
[Site "Internet Chess Club"]
[Date "2016.06.04"]
[Round "1"]
[White "rovov"]
[Black "Barbos"]
[Result "0-1"]
[ICCResult "White forfeits on time"]
[WhiteElo "1737"]
[BlackElo "2581"]
[Opening "English: Wimpey system"]
[ECO "A05"]
[NIC "QP.11"]
[Time "14:01:46"]
[TimeControl "180+0"]

1. Nf3 Nf6 2. c4 e6 3. e3 d5 4. b3 c5 5. Bb2 Nc6 6. cxd5 Nxd5 7. Be2 f6 8.
O-O Be7 9. d4 cxd4 10. Nxd4 Nxd4 11. Bxd4 e5 12. Bb2 Be6 13. Bb5+ Kf7 14.
Nc3 Nxc3 15. Bxc3 Qxd1 16. Rfxd1 Rhd8 17. Be2 Rac8 18. Rxd8 Bxd8 19. Rc1 Bb6
20. Bb2 Rd8 21. Rd1 Ra8 22. Ba3 a5 23. Bb5 Rc8 24. Rd2 Bc5 25. Bxc5 Rxc5 26.
Bf1 Rc1 27. f3 b5 28. Kf2 b4 29. Bd3 h6 30. Rc2 Rxc2+ 31. Bxc2 Ke7 32. Ke2
Kd6 33. Kd3 Kc5 34. Bd1 Bf5+ 35. e4 Bd7 36. Ke3 Be6 37. Kd3 f5 38. h4 fxe4+
39. fxe4 Bc8 40. g3 Ba6+ 41. Ke3 Bf1 42. Bf3 Bh3 43. Bd1 Be6 44. g4 a4 45.
g5 hxg5 46. hxg5 Kd6 47. Kd3 Kc5 48. Ke3 Bf7 49. Kd3 a3 50. Ke3 Be8 51. Kd3
Bb5+ 52. Ke3 Kd6 53. Bc2 Ke7 54. Bd1 Bf1 55. Bh5 Bc4 56. bxc4 b3 57. axb3 a2
58. c5 a1=Q 59. c6 Qd4+ 60. Ke2 Qc5 61. b4 Qxc6 {White forfeits on time} 0-1

[Event "ICCopen2016"]
[Site "Internet Chess Club"]
[Date "2016.06.04"]
[Round "1"]
[White "karodash"]
[Black "DARKwizard1"]
[Result "0-1"]
[ICCResult "White forfeits on time"]
[WhiteElo "1567"]
[BlackElo "2296"]
[Opening "Scotch: Potter variation"]
[ECO "C45"]
[NIC "SO.05"]
[Time "14:02:44"]
[TimeControl "180+0"]

1. e4 Nc6 2. Nf3 e5 3. d4 exd4 4. Nxd4 Bc5 5. Nb3 Bb6 6. Nc3 d6 7. Bd3 Nf6
8. O-O O-O 9. Nd5 Nxd5 10. exd5 Ne5 11. a4 a5 12. Be3 Bxe3 13. fxe3 Qg5 14.
e4 Bh3 15. Qd2 Qg6 16. Nd4 Rfe8 17. Nf3 Nxf3+ 18. Rxf3 Bg4 19. Rg3 Qh5 20.
h3 Bd7 21. Rf1 Re5 22. Qf4 f6 23. Qe3 Bxa4 24. b3 Bd7 25. Be2 Qh4 26. Bg4 f5
27. Bxf5 Bxf5 {White forfeits on time} 0-1

[Event "ICCopen2016"]
[Site "Internet Chess Club"]
[Date "2016.06.04"]
[Round "1"]
[White "Maxbet"]
[Black "Catknight"]
[Result "1-0"]
[ICCResult "Black resigns"]
[WhiteElo "2928"]
[BlackElo "1859"]
[Opening "Queen's pawn game"]
[ECO "A46"]
[NIC "QP.05"]
[Time "14:02:15"]
[TimeControl "180+0"]

1. d4 Nf6 2. Nf3 e6 3. Bf4 c5 4. e3 Nc6 5. c3 b6 6. Nbd2 Bb7 7. Bd3 Be7 8.
h3 O-O 9. O-O Rc8 10. a3 Nd5 11. Bh2 d6 12. e4 Nf6 13. Qe2 Re8 14. Rad1 Bf8
15. Rfe1 e5 16. dxe5 dxe5 17. Bb5 Nd7 18. Nc4 f6 19. Nd6 Bxd6 20. Rxd6 Qe7
21. Red1 Nf8 22. Nh4 g6 23. Qg4 Red8 24. Nf5 Qe8 25. Rxd8 Rxd8 26. Nd6 Qe6
27. Bc4 Rxd6 28. Bxe6+ Rxe6 29. Rd7 Bc8 30. Rc7 Ne7 31. Qd1 Ba6 32. Qd8 Nc6
33. Qd5 Ne7 34. Rxe7 {Black resigns} 1-0

[Event "ICCopen2016"]
[Site "Internet Chess Club"]
[Date "2016.06.04"]
[Round "1"]
[White "INDIAN-ELEPHANT"]
[Black "zealous"]
[Result "1-0"]
[ICCResult "Black resigns"]
[WhiteElo "2814"]
[BlackElo "1803"]
[Opening "QGD Slav: 4.e3 Bf5"]
[ECO "D12"]
[NIC "SL.01"]
[Time "14:02:56"]
[TimeControl "180+0"]

1. d4 d5 2. c4 c6 3. Nf3 Nf6 4. e3 Bf5 5. Nc3 e6 6. Nh4 Bg6 7. Nxg6 hxg6 8.
Bd3 Bd6 9. h3 Nbd7 10. Qb3 dxc4 11. Bxc4 Rb8 12. e4 e5 13. Bxf7+ Kf8 14.
Bxg6 Qe7 15. Be3 exd4 16. Bxd4 Rh6 17. Bf5 Nb6 18. O-O-O Be5 19. Be3 Rh8 20.
Bg6 Nfd7 21. f4 Bxc3 22. bxc3 Qf6 23. f5 Rd8 24. e5 Qe7 25. e6 Nc5 26. Rxd8+
{Black resigns}
1-0

[Event "ICCopen2016"]
[Site "Internet Chess Club"]
[Date "2016.06.04"]
[Round "1"]
[White "Chess64"]
[Black "Dinamit"]
[Result "0-1"]
[ICCResult "White resigns"]
[WhiteElo "1759"]
[BlackElo "2693"]
[Opening "King's Indian: London system"]
[ECO "A48"]
[NIC "QP.03"]
[Time "14:01:52"]
[TimeControl "180+0"]

1. d4 Nf6 2. Nf3 g6 3. Bf4 Bg7 4. e3 O-O 5. c3 d6 6. h3 c5 7. Bc4 Nc6 8. O-O
b6 9. Nbd2 Bb7 10. Qe2 cxd4 11. exd4 Nh5 12. Bh2 e5 13. Rad1 Qc7 14. Rfe1
exd4 15. cxd4 Rad8 16. Bb3 Na5 17. Rc1 Qd7 18. Bc2 Bd5 19. b3 Nc6 20. Nc4
Bxf3 21. Qxf3 Nxd4 22. Qd5 Nxc2 23. Rxc2 Nf6 24. Qxd6 Qf5 25. Ne3 Qxc2 26.
Qxf8+ Kxf8 27. Nxc2 Rd2 28. Nb4 Bh6 29. g4 Bg5 30. Be5 h5 31. Bc3 Rd7 32. f3
hxg4 33. hxg4 Ne8 34. Re2 Nc7 35. Kf2 Ne6 36. Nc2 Bh4+ 37. Kg2 Nf4+ 38. Kf1
Rd1+ 39. Re1 Bxe1 40. Bxe1 Rc1 41. Ne3 Nd3 42. Ng2 Nxe1 43. Nxe1 Ra1 44. Ke2
Rxa2+ 45. Ke3 a5 46. Nd3 Ra3 47. Kd4 Rxb3 48. Kc4 Rxd3 49. Kxd3 a4 50. Kc4
b5+ 51. Kb4 f5 52. Ka3 fxg4 53. fxg4 g5 54. Kb4 Ke7 55. Ka3 Ke6 56. Kb4 Ke5
57. Ka3 Kd4 58. Kb4 Kd5 59. Ka3 Kc4 60. Kb2 b4 61. Ka2 a3 62. Kb1 b3 63. Ka1
Kc3 64. Kb1 b2 65. Ka2 Kc2 66. Kxa3 b1=Q 67. Ka4 Kc3 68. Ka5 Kc4 69. Ka6 Kc5
{White resigns}
0-1

[Event "ICCopen2016"]
[Site "Internet Chess Club"]
[Date "2016.06.04"]
[Round "1"]
[White "depressnyak"]
[Black "livis"]
[Result "1-0"]
[ICCResult "Black resigns"]
[WhiteElo "3165"]
[BlackElo "1948"]
[Opening "Réti opening"]
[ECO "A04"]
[NIC "QP.11"]
[Time "14:02:29"]
[TimeControl "180+0"]

1. Nf3 e6 2. g3 d5 3. Bg2 f5 4. O-O Nf6 5. c4 c6 6. b3 Be7 7. Bb2 O-O 8. e3
Ne4 9. d3 Ng5 10. Nbd2 Nxf3+ 11. Nxf3 Bf6 12. Qc2 Bxb2 13. Qxb2 Bd7 14. e4
fxe4 15. dxe4 Be8 16. Nd4 e5 17. Ne6 Qe7 18. Nxf8 d4 19. f4 Qxf8 20. fxe5
Qc5 21. Rad1 d3+ 22. Qf2 Qxf2+ 23. Rxf2 Nd7 24. Rxd3 Nxe5 25. Rd6 Bg6 26.
Re6 Nd3 27. Rf1 Nc5 28. Re7 Rd8 29. e5 a5 30. Bh3 h6 31. Be6+ Kh7 32. Bf5
Bxf5 33. Rxf5 Rd1+ 34. Rf1 Rd8 35. Rff7 Rg8 36. g4 b5 37. cxb5 cxb5 38. h4
a4 39. bxa4 bxa4 40. h5 Ne4 41. Rf4 Ng5 42. Rxa4 Rb8 43. Raa7 Rb1+ 44. Kf2
Rb2+ 45. Ke3 Kh8 46. Rxg7 Ne6 47. Rgb7 {Black resigns} 1-0

[Event "ICCopen2016"]
[Site "Internet Chess Club"]
[Date "2016.06.04"]
[Round "1"]
[White "gsvc"]
[Black "MrGioMu"]
[Result "1-0"]
[ICCResult "Black resigns"]
[WhiteElo "2864"]
[BlackElo "1847"]
[Opening "Robatsch (modern) defense"]
[ECO "B06"]
[NIC "KF.05"]
[Time "14:02:49"]
[TimeControl "180+0"]

1. e4 g6 2. d4 Bg7 3. Nf3 d6 4. Bc4 Nc6 5. h3 Bd7 6. O-O e5 7. c3 Nf6 8. Re1
O-O 9. a4 a5 10. Na3 h6 11. d5 Ne7 12. Nb5 Ne8 13. b4 f5 14. bxa5 Rxa5 15.
Bd3 f4 16. c4 b6 17. Bd2 Ra8 18. a5 bxa5 19. Rxa5 g5 20. Qb3 Rb8 21. c5 Kh7
22. c6 Bc8 23. Ra7 Ng6 24. Ba5 Rf7 25. Be2 g4 26. hxg4 Bxg4 27. Qd3 Nh4 28.
Nxc7 Bxf3 29. Bxf3 Nxf3+ 30. Qxf3 Nxc7 31. Qh5 Kg8 32. Qxf7+ Kxf7 33. Bxc7
Kg6 34. Bxd8 Rxd8 35. c7 Rc8 36. Rc1 {Black resigns} 1-0